Map: Proxima Station LE

Players

MperorM

  • Race: Terran Terran
  • Spawn Location: 1:00

Stephano - Winner!

  • Race: Zerg Zerg
  • Spawn Location: 7:00

Event: WCS Valencia 2017

VOD

Have the link to the VOD?

Description

Time

  • Played on: July 13, 2017, 9:34 a.m.
  • Length: 11:02

All games in this series

Show
View Real Time Build Order
Export as new Build Order

MperorM Terran 

Build Orders: Reaper Expand, MMM Bio 

Get SALT Encoding   

  12  0:00  SCV  
  13  0:12  SCV  
  14  0:17  Supply Depot  
  14  0:24  SCV  
  15  0:39  SCV, Barracks  
  16  0:44  Refinery  
  16  0:51  SCV  
  17  1:03  SCV  
  18  1:15  SCV  
  19  1:27  Orbital Command  
  19  1:29  Reaper  
  20  1:40  Command Center  
  20  1:50  Barracks  
  20  1:54  SCV  
  20  2:01  Barracks Reactor  
  21  2:06  SCV  
  22  2:11  Supply Depot  
  22  2:17  Barracks  
  22  2:19  SCV  
  23  2:32  Engineering Bay  
  23  2:33  SCV  
  24  2:40  Marine, Barracks Tech Lab  
  24  2:41  Marine  
  26  2:46  SCV  
  27  2:52  Orbital Command  
  27  2:58  Marine x2, SCV  
  29  3:04  Barracks Tech Lab  
  30  3:05  Marine  
  30  3:08  Stimpack  
  30  3:11  SCV  
  32  3:18  Terran Infantry Weapons Level 1  
  32  3:19  Marine  
  33  3:21  Marine  
  33  3:23  SCV  
  33  3:26  Marine x2  
  36  3:35  SCV  
  36  3:37  Marine  
  36  3:38  SCV, Marine  
  36  3:40  Supply Depot  
  40  3:44  Marine x2  
  42  3:54  Combat Shields  
  42  3:55  Marine  
  43  3:56  SCV x2, Marine  
  43  3:57  Supply Depot  
  43  4:02  Marine  
  47  4:04  Marauder  
  47  4:08  SCV  
  50  4:15  Marine x2  
  50  4:16  SCV  
  53  4:19  Supply Depot  
  53  4:21  Marauder  
  55  4:25  Marauder, SCV  
  58  4:34  Marine x2  
  58  4:37  SCV  
  61  4:39  Command Center  
  61  4:41  Marine  
  62  4:46  Marine, SCV  
  62  4:49  SCV  
  65  4:53  Marine x2, Refinery  
  65  4:54  Refinery  
  65  4:58  SCV  
  68  5:01  Factory  
  68  5:02  SCV  
  68  5:04  Barracks  
  68  5:06  Barracks  
  69  5:10  SCV  
  69  5:12  Marine  
  69  5:13  Marine, Supply Depot  
  72  5:17  Marauder  
  72  5:20  Marine  
  68  5:34  Marine x2  
  68  5:35  SCV x2  
  59  5:37  Terran Infantry Armor Level 1  
  59  5:39  Marauder  
  59  5:40  Marauder  
  59  5:43  Refinery  
  59  5:46  Starport  
  59  5:49  SCV  
  60  5:51  Factory Reactor  
  60  5:55  SCV  
  61  5:58  Barracks Reactor  
  61  6:00  Marine x2  
  61  6:01  Barracks Tech Lab  
  61  6:02  SCV  
  64  6:06  Marauder  
  64  6:07  Marauder  
  68  6:12  Orbital Command  
  68  6:16  SCV x2  
  70  6:20  Marauder, Marine  
  70  6:21  Marine  
  74  6:28  SCV  
  74  6:29  Marauder  
  74  6:30  Marauder  
  74  6:32  Medivac  
  81  6:34  Medivac  
  81  6:36  SCV  
  81  6:38  SCV  
  85  6:40  Marine, Refinery  
  85  6:41  Marine  
  85  6:42  Marine  
  85  6:44  Marine  
  91  6:48  SCV  
  91  6:49  Factory Reactor  
  92  6:56  SCV  
  92  7:00  Marauder x3  
  92  7:01  SCV  
  98  7:02  Medivac  
  100  7:09  Marine  
  100  7:10  Supply Depot  
  100  7:11  Supply Depot x2  
  101  7:32  Marauder, Marine x3, Engineering Bay, Medivac x2, SCV x3  
  101  7:33  Marauder x2, Armory  
  112  7:45  SCV  
  112  7:50  Marine  
  100  7:53  Widow Mine x2  
  100  7:54  Marauder  
  100  7:55  Marine, Command Center  
  107  8:01  Marauder x2, Marine  
  107  8:02  Marine, Supply Depot  
  107  8:03  SCV  
  111  8:22  Medivac  
  111  8:25  Widow Mine x2  
  111  8:26  Medivac  
  106  8:31  SCV  
  106  8:32  Marine x3  
  106  8:33  Marauder x3  
  106  8:34  Terran Infantry Armor Level 2  
  106  8:52  Barracks  
  106  8:53  Marine x4, Widow Mine x2  
  106  8:54  Marauder, Marine  
  106  8:55  Barracks  
  117  8:58  Medivac x2  
  121  9:03  SCV x2  
  121  9:06  Supply Depot  
  121  9:07  Supply Depot  
  120  9:12  SCV, Marine  
  120  9:13  Marauder, Marine x3  
  120  9:15  SCV  
  117  9:18  SCV  
  94  9:28  Medivac x2  
  94  9:29  Marine x2  
  94  9:30  Marine  
  98  9:33  Widow Mine x2  
  98  9:35  Marauder  
  98  9:38  Marine x3  
  104  9:42  Barracks Reactor  
  104  9:43  Barracks Reactor  
  105  9:49  Marine x2  
  105  9:50  Marauder  
  91  10:00  Marine x2  
  91  10:04  Widow Mine x2  
  91  10:05  SCV, Barracks, Medivac x2, Marine  
  91  10:06  Marauder  
  103  10:07  Barracks  
  103  10:09  SCV  
  103  10:10  Unknown x3  
  103  10:11  Barracks  
  101  10:17  Marine  
  101  10:18  Marauder  
  97  10:21  Marine  
  97  10:22  Marine x6  
  97  10:23  Marine  
  97  10:26  SCV  
  97  10:27  Marine  
  100  10:31  SCV  
  100  10:32  Widow Mine x2  
  96  10:37  Marine  
  96  10:38  SCV  
  96  10:39  Marine x2  
  96  10:40  Factory  
  96  10:42  Marine x4  
  98  10:44  SCV  
  101  10:50  SCV  
Show
View Real Time Build Order
Export as new Build Order

Stephano Zerg - Winner!

Build Orders: Hatch First 

Get SALT Encoding   

  12  0:00  Drone  
  13  0:12  Overlord  
  13  0:18  Drone  
  14  0:31  Drone x2  
  14  0:34  Drone  
  17  0:52  Hatchery  
  17  0:55  Drone  
  17  0:57  Extractor  
  17  1:00  Drone  
  17  1:14  Spawning Pool  
  17  1:17  Drone  
  17  1:20  Drone  
  18  1:28  Drone  
  19  1:39  Overlord  
  19  1:50  Drone  
  20  2:01  Queen, Metabolic Boost  
  22  2:04  Queen  
  22  2:06  Zergling x2  
  25  2:08  Zergling x2  
  25  2:12  Drone  
  27  2:15  Drone  
  29  2:22  Drone  
  29  2:26  Drone  
  30  2:37  Hatchery  
  30  2:43  Queen  
  31  2:48  Drone  
  32  2:51  Drone x2  
  32  2:57  Overlord  
  34  2:59  Drone  
  34  3:03  Drone  
  36  3:08  Overlord  
  36  3:17  Drone x2  
  36  3:18  Drone  
  39  3:20  Drone x3  
  39  3:24  Queen  
  44  3:29  Queen  
  44  3:33  Drone x2  
  48  3:37  Drone x2  
  48  3:40  Overlord  
  50  3:45  Drone x2  
  52  3:50  Drone  
  52  3:52  Evolution Chamber  
  52  3:54  Evolution Chamber, Drone  
  52  3:56  Drone x2  
  52  3:59  Drone  
  55  4:03  Queen  
  55  4:05  Drone  
  55  4:07  Drone  
  59  4:10  Overlord  
  59  4:14  Queen  
  61  4:17  Drone  
  61  4:20  Drone x2  
  61  4:24  Drone  
  65  4:27  Overlord  
  65  4:28  Drone  
  65  4:29  Queen  
  68  4:33  Drone  
  68  4:34  Drone  
  68  4:35  Zerg Ground Armor Level 1  
  70  4:38  Zergling x2  
  70  4:39  Zergling x4  
  70  4:44  Queen  
  75  4:48  Overlord  
  75  4:49  Zergling x8  
  79  4:55  Overlord  
  79  4:57  Extractor x2  
  79  4:59  Zergling x6  
  80  5:03  Zergling x2  
  80  5:04  Zergling x2  
  82  5:08  Overlord  
  82  5:10  Drone  
  82  5:11  Queen, Zerg Missile Weapons Level 1  
  82  5:13  Queen  
  87  5:15  Drone x2  
  87  5:18  Zergling x6  
  87  5:19  Zergling x2  
  87  5:20  Drone  
  87  5:21  Drone  
  84  5:32  Zergling x6  
  84  5:33  Zergling x4  
  80  5:45  Drone x2, Overlord  
  80  5:47  Queen  
  80  5:48  Lair  
  80  5:49  Queen  
  82  5:53  Drone x2  
  86  5:58  Zergling x8  
  86  6:00  Drone x2  
  92  6:05  Drone x3  
  92  6:06  Drone  
  92  6:09  Drone  
  97  6:12  Extractor x2, Drone  
  97  6:14  Baneling Nest, Drone x2  
  97  6:16  Extractor, Drone  
  97  6:17  Drone  
  97  6:21  Drone x3  
  97  6:22  Queen, Drone x2  
  97  6:25  Queen  
  104  6:29  Drone  
  107  6:33  Overlord  
  107  6:44  Zergling x2  
  107  6:45  Zergling x10  
  113  6:51  Queen  
  113  6:52  Zerg Ground Armor Level 2, Hydralisk Den  
  114  6:55  Overlord x2  
  114  6:59  Baneling x7  
  114  7:00  Centrifical Hooks  
  114  7:02  Queen  
  114  7:06  Zerg Missile Weapons Level 2, Hatchery  
  115  7:16  Overlord  
  115  7:17  Drone x2  
  115  7:18  Infestation Pit  
  116  7:24  Overseer  
  116  7:25  Pneumatized Carapace  
  116  7:26  Muscular Augments  
  116  7:28  Zergling x20  
  119  7:45  Zergling x2  
  119  7:46  Zergling x12  
  123  7:52  Zergling x2  
  123  7:53  Zergling x6  
  123  7:54  Drone  
  123  7:57  Drone x3  
  131  8:00  Hive  
  131  8:04  Overlord x2  
  131  8:05  Overlord  
  126  8:24  Zergling x8  
  126  8:25  Zergling x10  
  119  8:31  Hydralisk x5  
  120  8:40  Hydralisk x6  
  130  8:43  Hydralisk  
  130  8:46  Hydralisk  
  130  8:48  Baneling x8  
  134  8:52  Extractor x2  
  134  8:55  Hydralisk x4  
  134  8:56  Hydralisk x2  
  134  9:02  Hydralisk x2, Baneling x4  
  144  9:03  Hydralisk, Baneling  
  148  9:11  Hydralisk  
  148  9:12  Hydralisk x2  
  147  9:24  Zergling x24  
  157  9:33  Ultralisk Cavern  
  157  9:34  Zergling x6  
  159  9:40  Zergling x2  
  159  9:43  Zergling x2  
  161  9:48  Hatchery  
  161  9:52  Zergling x12  
  166  9:59  Hydralisk x3  
  171  10:08  Baneling x14, Overlord  
  171  10:11  Overseer  
  171  10:12  Overlord  
  164  10:18  Zergling x16  
Tags
 
Add a new tag
Caveats
  • Supply blocks, unpowered buildings, or Contaminate may cause inaccurate times.
  • Supply counts are checked every 10 seconds.